| Goals | Penalties |
1. Flyers , Anthony Beauvillier 14 (Charlie Coyle 41, Drew Doughty 20) at 0:44
|
Louie Belpedio (MIN) for Interference (Minor) at 13:36
|
2. Flyers , Charlie Coyle 23 (Anthony Beauvillier 17, Quinn Hughes 33) at 0:08
3. Wild , Connor Zary 12 (Jake Bean 4, Louie Belpedio 4) at 6:28
|
Mikael Granlund (PHI) for Tripping (Minor) at 1:28 Quinn Hughes (PHI) for Holding (Minor) at 10:12 Jacob Middleton (PHI) for Slashing (Minor) at 17:59
|
No Goal
|
Jacob Bernard-Docker (PHI) for Interference (Minor) at 2:58 Connor Carrick (MIN) for Interference (Minor) at 15:35
|
|
Scott Wedgewood (PHI), 19 saves from 20 shots - (0,950), W, 8-13-0, 60:00 minutes
Joel Hofer (MIN), 23 saves from 25 shots - (0,920), L, 9-29-6, 60:00 minutes
|
|
1 - Charlie Coyle (PHI)
2 - Anthony Beauvillier (PHI)
3 - Connor Zary (MIN)
|
Referees : Pierre Lambert and Peter MacDougall
Linesman : Mark Shewchyk and Devin Berg
|
|
Garrett Wilson is injured at 19:39 of 3rd period (Fractured Bone in Left Hand)
|
|
Level 1 -- Attendance: 4239 (71%) -- Ticket Income $423,900
Level 2 -- Attendance: 3461 (69%) -- Ticket Income $207,660
Level 3 -- Attendance: 2064 (100%) -- Ticket Income $72,240
Level 4 -- Attendance: 3051 (76%) -- Ticket Income $61,020
Luxury Box -- Attendance: 1000 (100%) -- Ticket Income $200,000
Game was played at the Xcel Energy Center.
Total Attendance: 13815 (76%)
Total Ticket Income: $964,820
Other Income: $289,446
Total Income: $1,254,266
|
| Team Name |
Goals |
Shots |
Shots Attemp |
Shots Blocked |
PIM |
HIT |
PP |
PK |
FO% |
| Flyers |
2 | 25 | 48 | 9 | 8 | 26 | 0 / 2 (0%) | 0 | 50% |
| Wild |
1 | 20 | 47 | 10 | 4 | 21 | 0 / 4 (0%) | 0 | 50% |
Flyers
| Player Name |
POS |
G |
A |
P |
+/- |
PIM |
HIT |
SHT |
SB |
MP |
PP MP |
PP SHT |
PK MP |
PK SHT |
FO% |
FOT |
GA |
TA |
| Anthony Beauvillier | LW | 1 | 1 | 2 | 2 | 0 | 1 | 1 | 1 | 17:20 | 1:35 | 0 | 1:56 | 0 | 0% |
0 | 1 | 1 |
| Charlie Coyle | C | 1 | 1 | 2 | 2 | 0 | 1 | 6 | 2 | 22:24 | 2:04 | 0 | 3:59 | 0 | 62% |
21 | 0 | 2 |
| Cole Koepke | LW/RW | 0 | 0 | 0 | 0 | 0 | 1 | 1 | 0 | 6:02 | 0:19 | 0 | 0:00 | 0 | 0% |
0 | 0 | 1 |
| Corey Perry | RW | 0 | 0 | 0 | 0 | 0 | 3 | 0 | 1 | 17:26 | 2:04 | 0 | 0:00 | 0 | 50% |
2 | 0 | 0 |
| Drew Doughty | D | 0 | 1 | 1 | 1 | 0 | 0 | 0 | 2 | 21:02 | 0:37 | 0 | 2:58 | 0 | 0% |
0 | 0 | 0 |
| Garnet Hathaway | RW | 0 | 0 | 0 | 2 | 0 | 2 | 2 | 1 | 15:13 | 1:35 | 0 | 0:00 | 0 | 50% |
2 | 0 | 0 |
| Jacob Bernard-Docker | D | 0 | 0 | 0 | -1 | 2 | 1 | 0 | 0 | 12:45 | 0:49 | 0 | 1:14 | 0 | 0% |
0 | 0 | 1 |
| Jacob Middleton | D | 0 | 0 | 0 | 1 | 2 | 3 | 0 | 0 | 21:41 | 0:37 | 0 | 3:08 | 0 | 0% |
0 | 1 | 2 |
| Jesper Boqvist | C/LW/RW | 0 | 0 | 0 | -1 | 0 | 1 | 0 | 1 | 13:38 | 0:00 | 0 | 0:00 | 0 | 0% |
0 | 0 | 0 |
| Kyle MacLean | C | 0 | 0 | 0 | 0 | 0 | 1 | 2 | 0 | 5:39 | 0:19 | 0 | 0:00 | 0 | 67% |
3 | 0 | 0 |
| Mattias Janmark | C/LW/RW | 0 | 0 | 0 | -1 | 0 | 2 | 2 | 0 | 16:29 | 0:00 | 0 | 2:21 | 0 | 0% |
0 | 0 | 1 |
| Mikael Granlund | C | 0 | 0 | 0 | -1 | 2 | 1 | 1 | 0 | 15:05 | 0:52 | 0 | 1:45 | 0 | 33% |
9 | 0 | 0 |
| Quinn Hughes | D | 0 | 1 | 1 | 1 | 2 | 2 | 2 | 0 | 23:13 | 2:32 | 0 | 0:42 | 0 | 0% |
0 | 1 | 2 |
| Rasmus Andersson | D | 0 | 0 | 0 | 1 | 0 | 3 | 1 | 0 | 26:38 | 2:32 | 0 | 4:16 | 0 | 0% |
0 | 0 | 2 |
| Rasmus Ristolainen | D | 0 | 0 | 0 | -1 | 0 | 0 | 1 | 1 | 14:29 | 0:49 | 0 | 3:34 | 0 | 0% |
0 | 0 | 0 |
| Rickard Rakell | LW/RW | 0 | 0 | 0 | 0 | 0 | 2 | 1 | 0 | 22:04 | 2:04 | 0 | 3:31 | 0 | 25% |
4 | 0 | 0 |
| Sean Monahan | C | 0 | 0 | 0 | 0 | 0 | 2 | 5 | 0 | 20:16 | 0:43 | 0 | 2:20 | 0 | 46% |
13 | 0 | 1 |
| Steven Santini | D | 0 | 0 | 0 | 0 | 0 | 0 | 0 | 0 | 0:36 | 0:19 | 0 | 0:00 | 0 | 0% |
0 | 0 | 0 |
Wild
| Player Name |
POS |
G |
A |
P |
+/- |
PIM |
HIT |
SHT |
SB |
MP |
PP MP |
PP SHT |
PK MP |
PK SHT |
FO% |
FOT |
GA |
TA |
| Andrew Poturalski | C | 0 | 0 | 0 | 0 | 0 | 2 | 0 | 0 | 19:48 | 3:27 | 0 | 1:28 | 0 | 44% |
16 | 0 | 0 |
| Connor Carrick | D | 0 | 0 | 0 | -2 | 2 | 2 | 0 | 1 | 16:11 | 0:00 | 0 | 0:39 | 0 | 0% |
0 | 2 | 0 |
| Connor Zary | C/LW | 1 | 0 | 1 | 1 | 0 | 0 | 5 | 0 | 14:03 | 0:33 | 0 | 1:07 | 0 | 100% |
2 | 2 | 0 |
| David Jiricek | D | 0 | 0 | 0 | -2 | 0 | 1 | 0 | 0 | 21:09 | 3:15 | 0 | 2:23 | 0 | 0% |
0 | 0 | 1 |
| Dominik Shine | RW | 0 | 0 | 0 | 1 | 0 | 0 | 2 | 1 | 12:52 | 0:31 | 0 | 0:00 | 0 | 63% |
8 | 0 | 1 |
| Drake Caggiula | LW | 0 | 0 | 0 | 0 | 0 | 1 | 1 | 0 | 8:52 | 0:00 | 0 | 0:13 | 0 | 0% |
0 | 0 | 0 |
| Garrett Wilson | LW | 0 | 0 | 0 | 0 | 0 | 1 | 0 | 1 | 6:46 | 0:20 | 0 | 1:37 | 0 | 0% |
0 | 0 | 0 |
| Jake Bean | D | 0 | 1 | 1 | 1 | 0 | 1 | 0 | 1 | 18:13 | 0:55 | 0 | 0:00 | 0 | 0% |
0 | 2 | 0 |
| Jonatan Berggren | RW | 0 | 0 | 0 | 0 | 0 | 3 | 1 | 1 | 18:18 | 3:29 | 0 | 0:00 | 0 | 0% |
2 | 1 | 1 |
| Justin Bailey | RW | 0 | 0 | 0 | -2 | 0 | 3 | 1 | 0 | 16:45 | 3:56 | 0 | 0:00 | 0 | 0% |
0 | 0 | 0 |
| Justin Dowling | C | 0 | 0 | 0 | -2 | 0 | 0 | 1 | 1 | 17:13 | 3:56 | 0 | 2:01 | 0 | 44% |
18 | 0 | 0 |
| Louie Belpedio | D | 0 | 1 | 1 | 1 | 2 | 2 | 0 | 0 | 22:40 | 4:43 | 0 | 1:18 | 0 | 0% |
0 | 0 | 0 |
| Marc Del Gaizo | D | 0 | 0 | 0 | 0 | 0 | 0 | 1 | 2 | 21:04 | 3:13 | 0 | 1:48 | 0 | 0% |
0 | 0 | 0 |
| Mike Sgarbossa | C/RW | 0 | 0 | 0 | 0 | 0 | 0 | 0 | 0 | 9:41 | 0:00 | 0 | 0:10 | 0 | 67% |
6 | 0 | 0 |
| Rocco Grimaldi | RW | 0 | 0 | 0 | 1 | 0 | 1 | 3 | 0 | 12:12 | 0:00 | 0 | 0:00 | 0 | 0% |
0 | 0 | 0 |
| Seth Griffith | RW | 0 | 0 | 0 | 0 | 0 | 0 | 1 | 0 | 18:32 | 3:27 | 0 | 0:00 | 0 | 100% |
1 | 2 | 0 |
| Trevor Carrick | D | 0 | 0 | 0 | 0 | 0 | 1 | 1 | 1 | 20:35 | 3:46 | 0 | 1:48 | 0 | 0% |
0 | 0 | 0 |
| Yegor Chinakhov | LW/RW | 0 | 0 | 0 | -2 | 0 | 3 | 3 | 1 | 21:06 | 4:09 | 0 | 1:20 | 0 | 0% |
1 | 4 | 0 |
Flyers
| 5 vs 5 Forward |
|---|
| Line # | Left Wing | Center | Right Wing | PHY | DF | OF | Wanted % | Time % | Time Play |
| 1 | Rickard Rakell | Sean Monahan | Corey Perry | 1 | 2 | 2 | 36 | 33% | 15:33
|
| 2 | Anthony Beauvillier | Charlie Coyle | Garnet Hathaway | 1 | 2 | 2 | 33 | 31% | 14:18
|
| 3 | Jesper Boqvist | Mikael Granlund | Mattias Janmark | 1 | 2 | 2 | 24 | 25% | 11:47
|
| 4 | Charlie Coyle | Kyle MacLean | Cole Koepke | 1 | 2 | 2 | 7 | 11% | 5:13
|
| 5 vs 5 Defense |
|---|
| Line # | Defense | Defense | | PHY | DF | OF | Wanted % | Time % | Time Play |
| 1 | Quinn Hughes | Rasmus Andersson | | 1 | 2 | 2 | 45 | 41% | 19:07
|
| 2 | Jacob Middleton | Drew Doughty | | 1 | 2 | 2 | 35 | 37% | 17:23
|
| 3 | Rasmus Ristolainen | Jacob Bernard-Docker | | 1 | 2 | 2 | 20 | 22% | 10:21
|
| 4 | Quinn Hughes | Rasmus Andersson | | 1 | 2 | 2 | 0 | 0% | 0:00
|
| Power Play Forward |
|---|
| Line # | Left Wing | Center | Right Wing | PHY | DF | OF | Wanted % | Time % | Time Play |
| 1 | Rickard Rakell | Charlie Coyle | Corey Perry | 1 | 2 | 2 | 60 | 78% | 3:06
|
| 2 | Anthony Beauvillier | Mikael Granlund | Garnet Hathaway | 1 | 2 | 2 | 40 | 22% | 0:52
|
| Power Play Defense |
|---|
| Line # | Defense | Defense | | PHY | DF | OF | Wanted % | Time % | Time Play |
| 1 | Quinn Hughes | Rasmus Andersson | | 1 | 2 | 2 | 60 | 84% | 3:21
|
| 2 | Jacob Middleton | Drew Doughty | | 1 | 2 | 2 | 40 | 16% | 0:37
|
| Penalty Kill 4 Players Forward |
|---|
| Line # | Center | Wing | PHY | DF | OF | Wanted % | Time % | Time Play |
| 1 | Rickard Rakell | Charlie Coyle | 1 | 2 | 2 | 60 | 75% | 5:55
|
| 2 | Mikael Granlund | Sean Monahan | 1 | 2 | 2 | 40 | 25% | 2:01
|
| Penalty Kill 4 Players Defense |
|---|
| Line # | Defense | Defense | PHY | DF | OF | Wanted % | Time % | Time Play |
| 1 | Jacob Middleton | Rasmus Andersson | 1 | 2 | 2 | 60 | 63% | 4:58
|
| 2 | Rasmus Ristolainen | Drew Doughty | 1 | 2 | 2 | 40 | 37% | 2:58
|
| Penalty Kill 3 Players |
|---|
| Line # | Wing | PHY | DF | OF | Wanted % | Time % | Time Play | Defense | Defense | PHY | DF | OF | Wanted % | Time % | Time Play |
| 1 | Charlie Coyle | 1 | 2 | 2 | 60 | 0% | 0:00
| Jacob Middleton | Rasmus Andersson | 1 | 2 | 2 | 60 | 0% | 0:00
|
| 2 | Garnet Hathaway | 1 | 2 | 2 | 40 | 0% | 0:00
| Rasmus Ristolainen | Drew Doughty | 1 | 2 | 2 | 40 | 0% | 0:00
|
| 4 vs 4 Forward |
|---|
| Line # | Center | Wing | PHY | DF | OF | Wanted % | Time % | Time Play |
| 1 | Sean Monahan | Rickard Rakell | 1 | 2 | 2 | 60 | 0% | 0:00
|
| 2 | Charlie Coyle | Mikael Granlund | 1 | 2 | 2 | 40 | 0% | 0:00
|
| 4 vs 4 Defense |
|---|
| Line # | Defense | | PHY | DF | OF | Wanted % | Time % | Time Play |
| 1 | Quinn Hughes | Rasmus Andersson | 1 | 2 | 2 | 60 | 0% | 0:00
|
| 2 | Jacob Middleton | Drew Doughty | 1 | 2 | 2 | 40 | 0% | 0:00
|
| Last Minutes Offensive |
|---|
| Left Wing | Center | Right Wing | Defense | Defense |
| Rickard Rakell | Charlie Coyle | Corey Perry | Quinn Hughes | Rasmus Andersson |
| Last Minutes Defensive |
|---|
| Left Wing | Center | Right Wing | Defense | Defense |
| Mattias Janmark | Charlie Coyle | Garnet Hathaway | Quinn Hughes | Rasmus Andersson |
| Time |
|---|
| Total Forward | Total Defense | Last Minutes Offensive | Last Minutes Defensive |
| 60:00 |
60:00 |
0:00 | 1:15 |
| Extra Forwards |
|---|
| Normal | PowerPlay | Penalty Kill |
|
Charlie Coyle, Jesper Boqvist, Mattias Janmark | Charlie Coyle, Jesper Boqvist | Mattias Janmark |
| Extra Defensemen |
|---|
| Normal | PowerPlay | Penalty Kill |
|
Rasmus Ristolainen, Jacob Bernard-Docker, Jacob Middleton | Rasmus Ristolainen, Jacob Bernard-Docker | Jacob Middleton |
| Penalty Shots |
|---|
|
Rickard Rakell, Charlie Coyle, Mikael Granlund, Sean Monahan, Anthony Beauvillier |
| Goalie |
|---|
| Scott Wedgewood, Matt Villalta |
| Scratches |
|---|
|
Cole Reinhardt (Healthy), Phil Di Giuseppe (Healthy), John Gibson (Healthy) |
Wild
| 5 vs 5 Forward |
|---|
| Line # | Left Wing | Center | Right Wing | PHY | DF | OF | Wanted % | Time % | Time Play |
| 1 | Seth Griffith | Andrew Poturalski | Jonatan Berggren | 5 | 0 | 0 | 30 | 31% | 14:50
|
| 2 | Yegor Chinakhov | Justin Dowling | Justin Bailey | 5 | 0 | 0 | 26 | 26% | 12:32
|
| 3 | Connor Zary | Dominik Shine | Rocco Grimaldi | 0 | 5 | 0 | 23 | 25% | 12:09
|
| 4 | Yegor Chinakhov | Mike Sgarbossa | Drake Caggiula | 5 | 0 | 0 | 21 | 17% | 8:15
|
| 5 vs 5 Defense |
|---|
| Line # | Defense | Defense | | PHY | DF | OF | Wanted % | Time % | Time Play |
| 1 | Louie Belpedio | Jake Bean | | 5 | 0 | 0 | 36 | 33% | 15:52
|
| 2 | David Jiricek | Connor Carrick | | 5 | 0 | 0 | 33 | 34% | 16:17
|
| 3 | Marc Del Gaizo | Trevor Carrick | | 0 | 5 | 0 | 31 | 30% | 14:24
|
| 4 | Marc Del Gaizo | Jake Bean | | 5 | 0 | 0 | 0 | 3% | 1:13
|
| Power Play Forward |
|---|
| Line # | Left Wing | Center | Right Wing | PHY | DF | OF | Wanted % | Time % | Time Play |
| 1 | Seth Griffith | Andrew Poturalski | Jonatan Berggren | 5 | 0 | 0 | 55 | 47% | 3:42
|
| 2 | Yegor Chinakhov | Justin Dowling | Justin Bailey | 5 | 0 | 0 | 45 | 53% | 4:14
|
| Power Play Defense |
|---|
| Line # | Defense | Defense | | PHY | DF | OF | Wanted % | Time % | Time Play |
| 1 | David Jiricek | Louie Belpedio | | 5 | 0 | 0 | 55 | 59% | 4:43
|
| 2 | Marc Del Gaizo | David Jiricek | | 5 | 0 | 0 | 45 | 41% | 3:13
|
| Penalty Kill 4 Players Forward |
|---|
| Line # | Center | Wing | PHY | DF | OF | Wanted % | Time % | Time Play |
| 1 | Connor Zary | Justin Dowling | 5 | 0 | 0 | 55 | 47% | 1:52
|
| 2 | Justin Dowling | Yegor Chinakhov | 5 | 0 | 0 | 45 | 53% | 2:06
|
| Penalty Kill 4 Players Defense |
|---|
| Line # | Defense | Defense | PHY | DF | OF | Wanted % | Time % | Time Play |
| 1 | Louie Belpedio | David Jiricek | 5 | 0 | 0 | 55 | 33% | 1:18
|
| 2 | Marc Del Gaizo | David Jiricek | 5 | 0 | 0 | 45 | 67% | 2:40
|
| Penalty Kill 3 Players |
|---|
| Line # | Wing | PHY | DF | OF | Wanted % | Time % | Time Play | Defense | Defense | PHY | DF | OF | Wanted % | Time % | Time Play |
| 1 | Andrew Poturalski | 5 | 0 | 0 | 55 | 0% | 0:00
| Marc Del Gaizo | Louie Belpedio | 5 | 0 | 0 | 55 | 0% | 0:00
|
| 2 | Justin Dowling | 5 | 0 | 0 | 45 | 0% | 0:00
| Marc Del Gaizo | David Jiricek | 5 | 0 | 0 | 45 | 0% | 0:00
|
| 4 vs 4 Forward |
|---|
| Line # | Center | Wing | PHY | DF | OF | Wanted % | Time % | Time Play |
| 1 | Andrew Poturalski | Justin Dowling | 5 | 0 | 0 | 55 | 0% | 0:00
|
| 2 | Dominik Shine | Seth Griffith | 5 | 0 | 0 | 45 | 0% | 0:00
|
| 4 vs 4 Defense |
|---|
| Line # | Defense | | PHY | DF | OF | Wanted % | Time % | Time Play |
| 1 | David Jiricek | Louie Belpedio | 5 | 0 | 0 | 55 | 0% | 0:00
|
| 2 | Marc Del Gaizo | Louie Belpedio | 5 | 0 | 0 | 45 | 0% | 0:00
|
| Last Minutes Offensive |
|---|
| Left Wing | Center | Right Wing | Defense | Defense |
| Drake Caggiula | Andrew Poturalski | Seth Griffith | David Jiricek | Louie Belpedio |
| Last Minutes Defensive |
|---|
| Left Wing | Center | Right Wing | Defense | Defense |
| Drake Caggiula | Andrew Poturalski | Seth Griffith | David Jiricek | Louie Belpedio |
| Time |
|---|
| Total Forward | Total Defense | Last Minutes Offensive | Last Minutes Defensive |
| 60:00 |
60:00 |
0:20 | 0:00 |
| Extra Forwards |
|---|
| Normal | PowerPlay | Penalty Kill |
|
Justin Dowling, Justin Bailey, Mike Sgarbossa | Justin Dowling, Justin Bailey | Justin Dowling |
| Extra Defensemen |
|---|
| Normal | PowerPlay | Penalty Kill |
|
Marc Del Gaizo, Connor Carrick, Louie Belpedio | David Jiricek, Louie Belpedio | Connor Carrick |
| Penalty Shots |
|---|
|
Justin Bailey, Connor Zary, Yegor Chinakhov, Jonatan Berggren, Justin Dowling |
| Goalie |
|---|
| Joel Hofer, Spencer Martin |
| Scratches |
|---|
|
Rem Pitlick (Healthy), Greg Meireles (Healthy), Nils Lundkvist (Abdominal Strain Injury), Yaroslav Askarov (Healthy) |
Play-by-Play
1st period
0:01 of 1st period - Sean Monahan wins face-off versus Andrew Poturalski in neutral zone.
0:14 of 1st period - Slapshot by Jake Bean.
0:14 of 1st period - Shot Misses the Net.
0:28 of 1st period - Icing by Louie Belpedio.
0:29 of 1st period - Charlie Coyle wins face-off versus Justin Dowling in Wild zone.
0:44 of 1st period - Slapshot by Anthony Beauvillier.
0:44 of 1st period - Goal by Anthony Beauvillier - Flyers : 1 - Wild : 0.
0:45 of 1st period - Mikael Granlund wins face-off versus Dominik Shine in neutral zone.
1:19 of 1st period - Wrist shot by Marc Del Gaizo.
1:19 of 1st period - Stopped by Scott Wedgewood with a rebound.
1:37 of 1st period - Connor Carrick is hit by Jacob Middleton and loses puck.
2:16 of 1st period - Slapshot by Mikael Granlund.
2:16 of 1st period - Shot Blocked by Dominik Shine.
2:36 of 1st period - Slapshot by Sean Monahan.
2:36 of 1st period - Shot Blocked by Connor Carrick.
2:38 of 1st period - Wrist shot by Sean Monahan.
2:38 of 1st period - Stopped by Joel Hofer without a rebound.
2:39 of 1st period - Mike Sgarbossa wins face-off versus Sean Monahan in Wild zone.
2:54 of 1st period - Snap shot by Yegor Chinakhov.
2:54 of 1st period - Deflect By Mike Sgarbossa.
2:54 of 1st period - Shot Misses the Net.
2:54 of 1st period - Puck is out of play.
2:55 of 1st period - Charlie Coyle wins face-off versus Andrew Poturalski in Flyers zone.
3:52 of 1st period - Marc Del Gaizo is hit by Jesper Boqvist and loses puck.
4:03 of 1st period - Trevor Carrick is hit by Garnet Hathaway and loses puck.
4:32 of 1st period - Marc Del Gaizo is hit by Garnet Hathaway and loses puck.
5:17 of 1st period - Snap shot by Connor Zary.
5:17 of 1st period - Stopped by Scott Wedgewood with a rebound.
5:19 of 1st period - Slapshot by Marc Del Gaizo.
5:19 of 1st period - Shot Misses the Net.
5:21 of 1st period - Slapshot by Marc Del Gaizo.
5:21 of 1st period - Deflect By Rocco Grimaldi.
5:21 of 1st period - Shot Blocked by Charlie Coyle.
5:21 of 1st period - Puck is out of play.
5:22 of 1st period - Sean Monahan wins face-off versus Mike Sgarbossa in Flyers zone.
5:33 of 1st period - Slapshot by Yegor Chinakhov.
5:33 of 1st period - Shot Misses the Net.
7:49 of 1st period - Icing by Rasmus Ristolainen.
7:50 of 1st period - Kyle MacLean wins face-off versus Yegor Chinakhov in Flyers zone.
8:10 of 1st period - Jesper Boqvist is hit by Yegor Chinakhov and loses puck.
8:22 of 1st period - Slapshot by Jake Bean.
8:22 of 1st period - Shot Blocked by Rasmus Ristolainen.
8:38 of 1st period - Wrist shot by Rocco Grimaldi.
8:38 of 1st period - Stopped by Scott Wedgewood with a rebound.
8:51 of 1st period - Icing by Trevor Carrick.
8:52 of 1st period - Mikael Granlund wins face-off versus Justin Dowling in Wild zone.
9:16 of 1st period - Wrist shot by Connor Zary.
9:16 of 1st period - Shot Blocked by Corey Perry.
9:18 of 1st period - Wrist shot by Dominik Shine.
9:18 of 1st period - Stopped by Scott Wedgewood with a rebound.
9:20 of 1st period - Wrist shot by Dominik Shine.
9:20 of 1st period - Shot Misses the Net.
9:26 of 1st period - Snap shot by Connor Zary.
9:26 of 1st period - Shot Misses the Net.
9:42 of 1st period - Wrist shot by Anthony Beauvillier.
9:42 of 1st period - Shot Misses the Net.
9:56 of 1st period - Mikael Granlund is hit by Yegor Chinakhov and loses puck.
10:17 of 1st period - Slapshot by Rocco Grimaldi.
10:17 of 1st period - Stopped by Scott Wedgewood without a rebound.
10:18 of 1st period - Dominik Shine wins face-off versus Sean Monahan in Flyers zone.
10:37 of 1st period - Icing by Jake Bean.
10:38 of 1st period - Dominik Shine wins face-off versus Mikael Granlund in Wild zone.
10:38 of 1st period - Dominik Shine is hit by Jacob Middleton.
11:14 of 1st period - Snap shot by Connor Zary.
11:14 of 1st period - Stopped by Scott Wedgewood with a rebound.
12:00 of 1st period - Drew Doughty is hit by Jake Bean.
12:43 of 1st period - Slapshot by Rocco Grimaldi.
12:43 of 1st period - Stopped by Scott Wedgewood with a rebound.
12:45 of 1st period - Snap shot by Rocco Grimaldi.
12:45 of 1st period - Shot Blocked by Jesper Boqvist.
13:36 of 1st period - Minor Penalty to Louie Belpedio for Interference.
13:37 of 1st period - Justin Dowling wins face-off versus Charlie Coyle in Wild zone.
15:36 of 1st period - Penalty to Louie Belpedio is over, Louie Belpedio is back on ice.
15:44 of 1st period - Rasmus Ristolainen is hit by Jonatan Berggren and loses puck.
16:05 of 1st period - Corey Perry is hit by Justin Bailey and loses puck.
16:56 of 1st period - Trevor Carrick is hit by Cole Koepke and loses puck.
17:04 of 1st period - Icing by Marc Del Gaizo.
17:05 of 1st period - Kyle MacLean wins face-off versus Jonatan Berggren in Wild zone.
18:48 of 1st period - Jacob Middleton is hit by Drake Caggiula and loses puck.
19:43 of 1st period - Mikael Granlund is hit by Connor Carrick and loses puck.
Goals for this period are 1 for Flyers vs 0 for Wild.
Shots for this period are 2 for Flyers vs 7 for Wild.
2nd period
0:01 of 2nd period - Charlie Coyle wins face-off versus Justin Dowling in neutral zone.
0:06 of 2nd period - Wrist shot by Anthony Beauvillier.
0:06 of 2nd period - Shot Blocked by Justin Dowling.
0:08 of 2nd period - Snap shot by Charlie Coyle.
0:08 of 2nd period - Deflect By Yegor Chinakhov.
0:08 of 2nd period - Goal by Charlie Coyle - Flyers : 2 - Wild : 0.
0:09 of 2nd period - Justin Dowling wins face-off versus Corey Perry in neutral zone.
0:30 of 2nd period - Connor Carrick is hit by Sean Monahan and loses puck.
0:41 of 2nd period - Wrist shot by Justin Dowling.
0:41 of 2nd period - Stopped by Scott Wedgewood without a rebound.
0:42 of 2nd period - Seth Griffith wins face-off versus Charlie Coyle in Flyers zone.
1:28 of 2nd period - Minor Penalty to Mikael Granlund for Tripping.
1:29 of 2nd period - Justin Dowling wins face-off versus Rickard Rakell in Flyers zone.
1:48 of 2nd period - Rasmus Andersson is hit by Justin Bailey and loses puck.
1:59 of 2nd period - Rasmus Andersson is hit by David Jiricek and loses puck.
3:28 of 2nd period - Penalty to Mikael Granlund is over, Mikael Granlund is back on ice.
3:33 of 2nd period - Mikael Granlund is hit by Rocco Grimaldi and loses puck.
4:11 of 2nd period - Garrett Wilson is hit by Corey Perry and loses puck.
4:41 of 2nd period - Icing by Garrett Wilson.
4:42 of 2nd period - Mike Sgarbossa wins face-off versus Mikael Granlund in Wild zone.
4:47 of 2nd period - Slapshot by Mikael Granlund.
4:47 of 2nd period - Stopped by Joel Hofer without a rebound.
4:48 of 2nd period - Mikael Granlund wins face-off versus Andrew Poturalski in Wild zone.
5:24 of 2nd period - Off-side.
5:25 of 2nd period - Charlie Coyle wins face-off versus Andrew Poturalski in neutral zone.
6:28 of 2nd period - Snap shot by Connor Zary.
6:28 of 2nd period - Goal by Connor Zary - Flyers : 2 - Wild : 1.
6:29 of 2nd period - Charlie Coyle wins face-off versus Justin Dowling in neutral zone.
6:40 of 2nd period - Slapshot by Charlie Coyle.
6:40 of 2nd period - Stopped by Joel Hofer with a rebound.
6:42 of 2nd period - Snap shot by Quinn Hughes.
6:42 of 2nd period - Shot Misses the Net.
6:44 of 2nd period - Wrist shot by Rasmus Andersson.
6:44 of 2nd period - Shot Blocked by Marc Del Gaizo.
7:07 of 2nd period - Snap shot by Seth Griffith.
7:07 of 2nd period - Stopped by Scott Wedgewood with a rebound.
7:17 of 2nd period - Connor Zary is hit by Rasmus Andersson and loses puck.
7:47 of 2nd period - Snap shot by Charlie Coyle.
7:47 of 2nd period - Shot Blocked by Jake Bean.
8:19 of 2nd period - Snap shot by Justin Dowling.
8:19 of 2nd period - Deflect By Yegor Chinakhov.
8:19 of 2nd period - Shot Misses the Net.
8:19 of 2nd period - Puck is out of play.
8:20 of 2nd period - Garnet Hathaway wins face-off versus Andrew Poturalski in Flyers zone.
8:32 of 2nd period - Marc Del Gaizo is hit by Jacob Bernard-Docker and loses puck.
8:35 of 2nd period - Wrist shot by Jonatan Berggren.
8:35 of 2nd period - Shot Misses the Net.
8:45 of 2nd period - Marc Del Gaizo is hit by Rickard Rakell and loses puck.
8:58 of 2nd period - Snap shot by Sean Monahan.
8:58 of 2nd period - Stopped by Joel Hofer without a rebound.
8:59 of 2nd period - Andrew Poturalski wins face-off versus Mikael Granlund in Wild zone.
9:04 of 2nd period - Slapshot by Jonatan Berggren.
9:04 of 2nd period - Stopped by Scott Wedgewood without a rebound.
9:05 of 2nd period - Andrew Poturalski wins face-off versus Mikael Granlund in Flyers zone.
9:08 of 2nd period - Slapshot by Connor Carrick.
9:08 of 2nd period - Shot Misses the Net.
9:42 of 2nd period - Wrist shot by Charlie Coyle.
9:42 of 2nd period - Shot Misses the Net.
9:44 of 2nd period - Slapshot by Drew Doughty.
9:44 of 2nd period - Shot Misses the Net.
10:12 of 2nd period - Minor Penalty to Quinn Hughes for Holding.
10:13 of 2nd period - Andrew Poturalski wins face-off versus Rickard Rakell in Flyers zone.
10:49 of 2nd period - Rasmus Ristolainen is hit by Louie Belpedio and loses puck.
12:01 of 2nd period - Louie Belpedio is hit by Anthony Beauvillier and loses puck.
12:12 of 2nd period - Penalty to Quinn Hughes is over, Quinn Hughes is back on ice.
12:16 of 2nd period - Snap shot by Kyle MacLean.
12:16 of 2nd period - Stopped by Joel Hofer with a rebound.
12:18 of 2nd period - Snap shot by Kyle MacLean.
12:18 of 2nd period - Stopped by Joel Hofer without a rebound.
12:19 of 2nd period - Dominik Shine wins face-off versus Kyle MacLean in Wild zone.
12:26 of 2nd period - Snap shot by Connor Zary.
12:26 of 2nd period - Stopped by Scott Wedgewood with a rebound.
12:28 of 2nd period - Snap shot by Dominik Shine.
12:28 of 2nd period - Stopped by Scott Wedgewood without a rebound.
12:29 of 2nd period - Sean Monahan wins face-off versus Dominik Shine in Flyers zone.
12:33 of 2nd period - Icing by Sean Monahan.
12:34 of 2nd period - Dominik Shine wins face-off versus Sean Monahan in Flyers zone.
13:15 of 2nd period - Snap shot by Rickard Rakell.
13:15 of 2nd period - Stopped by Joel Hofer without a rebound.
13:16 of 2nd period - Justin Dowling wins face-off versus Charlie Coyle in Wild zone.
13:21 of 2nd period - Wrist shot by Justin Bailey.
13:21 of 2nd period - Shot Blocked by Garnet Hathaway.
13:23 of 2nd period - Slapshot by Trevor Carrick.
13:23 of 2nd period - Stopped by Scott Wedgewood without a rebound.
13:24 of 2nd period - Charlie Coyle wins face-off versus Justin Dowling in Flyers zone.
13:39 of 2nd period - Snap shot by Justin Dowling.
13:39 of 2nd period - Deflect By Yegor Chinakhov.
13:39 of 2nd period - Stopped by Scott Wedgewood with a rebound.
13:41 of 2nd period - Snap shot by Justin Bailey.
13:41 of 2nd period - Shot Misses the Net.
13:43 of 2nd period - Backhand shot by Marc Del Gaizo.
13:43 of 2nd period - Shot Blocked by Anthony Beauvillier.
13:45 of 2nd period - Snap shot by Yegor Chinakhov.
13:45 of 2nd period - Shot Blocked by Drew Doughty.
13:47 of 2nd period - Slapshot by Yegor Chinakhov.
13:47 of 2nd period - Stopped by Scott Wedgewood without a rebound.
13:48 of 2nd period - Corey Perry wins face-off versus Andrew Poturalski in Flyers zone.
13:48 of 2nd period - Corey Perry is hit by Jonatan Berggren.
13:53 of 2nd period - Off-side.
13:54 of 2nd period - Sean Monahan wins face-off versus Jonatan Berggren in neutral zone.
14:01 of 2nd period - Off-side.
14:02 of 2nd period - Andrew Poturalski wins face-off versus Charlie Coyle in neutral zone.
14:10 of 2nd period - Slapshot by Quinn Hughes.
14:10 of 2nd period - Stopped by Joel Hofer without a rebound.
14:11 of 2nd period - Charlie Coyle wins face-off versus Andrew Poturalski in Wild zone.
14:36 of 2nd period - Wrist shot by Garnet Hathaway.
14:36 of 2nd period - Shot Misses the Net.
14:38 of 2nd period - Snap shot by Garnet Hathaway.
14:38 of 2nd period - Stopped by Joel Hofer with a rebound.
14:40 of 2nd period - Slapshot by Rasmus Andersson.
14:40 of 2nd period - Shot Misses the Net.
14:42 of 2nd period - Snap shot by Charlie Coyle.
14:42 of 2nd period - Stopped by Joel Hofer with a rebound.
14:44 of 2nd period - Slapshot by Quinn Hughes.
14:44 of 2nd period - Stopped by Joel Hofer without a rebound.
14:45 of 2nd period - Justin Dowling wins face-off versus Sean Monahan in Wild zone.
15:11 of 2nd period - David Jiricek is hit by Mattias Janmark and loses puck.
15:34 of 2nd period - Charlie Coyle is hit by Yegor Chinakhov and loses puck.
15:53 of 2nd period - Off-side.
15:54 of 2nd period - Sean Monahan wins face-off versus Andrew Poturalski in neutral zone.
16:01 of 2nd period - Wrist shot by Sean Monahan.
16:01 of 2nd period - Shot Blocked by Marc Del Gaizo.
16:03 of 2nd period - Wrist shot by Quinn Hughes.
16:03 of 2nd period - Deflect By Rickard Rakell.
16:03 of 2nd period - Shot Blocked by Jonatan Berggren.
16:03 of 2nd period - Puck is out of play.
16:04 of 2nd period - Charlie Coyle wins face-off versus Justin Dowling in Wild zone.
16:13 of 2nd period - Justin Dowling is hit by Charlie Coyle and loses puck.
16:32 of 2nd period - Corey Perry is hit by Andrew Poturalski and loses puck.
16:39 of 2nd period - Wrist shot by Rasmus Andersson.
16:39 of 2nd period - Stopped by Joel Hofer with a rebound.
16:41 of 2nd period - Slapshot by Rasmus Andersson.
16:41 of 2nd period - Deflect By Sean Monahan.
16:41 of 2nd period - Shot Misses the Net.
16:41 of 2nd period - Puck is out of play.
16:42 of 2nd period - Mike Sgarbossa wins face-off versus Charlie Coyle in Wild zone.
16:42 of 2nd period - Mike Sgarbossa is hit by Jacob Middleton.
17:08 of 2nd period - Drew Doughty is hit by Jonatan Berggren and loses puck.
17:33 of 2nd period - Corey Perry is hit by Andrew Poturalski and loses puck.
17:59 of 2nd period - Minor Penalty to Jacob Middleton for Slashing.
18:00 of 2nd period - Rickard Rakell wins face-off versus Justin Dowling in Flyers zone.
19:59 of 2nd period - Penalty to Jacob Middleton is over, Jacob Middleton is back on ice.
Goals for this period are 1 for Flyers vs 1 for Wild.
Shots for this period are 12 for Flyers vs 9 for Wild.
3rd period
0:01 of 3rd period - Charlie Coyle wins face-off versus Justin Dowling in neutral zone.
0:06 of 3rd period - Slapshot by Rasmus Andersson.
0:06 of 3rd period - Shot Blocked by Yegor Chinakhov.
0:08 of 3rd period - Snap shot by Garnet Hathaway.
0:08 of 3rd period - Stopped by Joel Hofer without a rebound.
0:09 of 3rd period - Charlie Coyle wins face-off versus Justin Dowling in Wild zone.
0:12 of 3rd period - Wrist shot by Charlie Coyle.
0:12 of 3rd period - Stopped by Joel Hofer without a rebound.
0:13 of 3rd period - Justin Dowling wins face-off versus Charlie Coyle in Wild zone.
0:47 of 3rd period - Backhand shot by Sean Monahan.
0:47 of 3rd period - Shot Misses the Net.
0:49 of 3rd period - Slapshot by Rasmus Andersson.
0:49 of 3rd period - Shot Misses the Net.
0:51 of 3rd period - Snap shot by Sean Monahan.
0:51 of 3rd period - Stopped by Joel Hofer without a rebound.
0:52 of 3rd period - Charlie Coyle wins face-off versus Mike Sgarbossa in Wild zone.
1:24 of 3rd period - Wrist shot by Mike Sgarbossa.
1:24 of 3rd period - Shot Misses the Net.
1:26 of 3rd period - Wrist shot by Drake Caggiula.
1:26 of 3rd period - Stopped by Scott Wedgewood with a rebound.
2:27 of 3rd period - Wrist shot by Charlie Coyle.
2:27 of 3rd period - Stopped by Joel Hofer with a rebound.
2:39 of 3rd period - Jacob Bernard-Docker is hit by Garrett Wilson and loses puck.
2:58 of 3rd period - Minor Penalty to Jacob Bernard-Docker for Interference.
2:59 of 3rd period - Andrew Poturalski wins face-off versus Rickard Rakell in Flyers zone.
4:58 of 3rd period - Penalty to Jacob Bernard-Docker is over, Jacob Bernard-Docker is back on ice.
5:34 of 3rd period - David Jiricek is hit by Quinn Hughes and loses puck.
5:45 of 3rd period - Snap shot by Mattias Janmark.
5:45 of 3rd period - Stopped by Joel Hofer with a rebound.
5:47 of 3rd period - Snap shot by Rasmus Ristolainen.
5:47 of 3rd period - Stopped by Joel Hofer with a rebound.
5:58 of 3rd period - Yegor Chinakhov is hit by Kyle MacLean and loses puck.
6:21 of 3rd period - Icing by Trevor Carrick.
6:22 of 3rd period - Andrew Poturalski wins face-off versus Sean Monahan in Wild zone.
6:42 of 3rd period - Marc Del Gaizo is hit by Rasmus Andersson and loses puck.
7:05 of 3rd period - Corey Perry is hit by Trevor Carrick and loses puck.
7:09 of 3rd period - Icing by Quinn Hughes.
7:10 of 3rd period - Sean Monahan wins face-off versus Dominik Shine in Flyers zone.
7:21 of 3rd period - Wrist shot by Sean Monahan.
7:21 of 3rd period - Stopped by Joel Hofer without a rebound.
7:22 of 3rd period - Justin Dowling wins face-off versus Garnet Hathaway in Wild zone.
7:26 of 3rd period - Icing by Louie Belpedio.
7:27 of 3rd period - Justin Dowling wins face-off versus Charlie Coyle in Wild zone.
7:59 of 3rd period - Icing by Jake Bean.
8:00 of 3rd period - Andrew Poturalski wins face-off versus Mikael Granlund in Wild zone.
8:00 of 3rd period - Andrew Poturalski is hit by Rasmus Andersson.
8:27 of 3rd period - Seth Griffith is hit by Corey Perry and loses puck.
8:46 of 3rd period - Trevor Carrick is hit by Rickard Rakell and loses puck.
9:20 of 3rd period - Andrew Poturalski is hit by Sean Monahan and loses puck.
10:07 of 3rd period - Snap shot by Jonatan Berggren.
10:07 of 3rd period - Shot Misses the Net.
10:09 of 3rd period - Slapshot by Jake Bean.
10:09 of 3rd period - Shot Misses the Net.
10:11 of 3rd period - Snap shot by Seth Griffith.
10:11 of 3rd period - Deflect By Jonatan Berggren.
10:11 of 3rd period - Shot Blocked by Drew Doughty.
10:11 of 3rd period - Puck is out of play.
10:12 of 3rd period - Charlie Coyle wins face-off versus Justin Dowling in Flyers zone.
10:12 of 3rd period - Charlie Coyle is hit by Connor Carrick.
10:24 of 3rd period - Slapshot by Quinn Hughes.
10:24 of 3rd period - Deflect By Charlie Coyle.
10:24 of 3rd period - Stopped by Joel Hofer with a rebound.
10:26 of 3rd period - Wrist shot by Anthony Beauvillier.
10:26 of 3rd period - Shot Misses the Net.
10:28 of 3rd period - Snap shot by Charlie Coyle.
10:28 of 3rd period - Shot Misses the Net.
10:38 of 3rd period - Yegor Chinakhov is hit by Mattias Janmark and loses puck.
10:59 of 3rd period - Wrist shot by Kyle MacLean.
10:59 of 3rd period - Shot Misses the Net.
11:01 of 3rd period - Snap shot by Cole Koepke.
11:01 of 3rd period - Stopped by Joel Hofer with a rebound.
11:36 of 3rd period - Wrist shot by Yegor Chinakhov.
11:36 of 3rd period - Stopped by Scott Wedgewood with a rebound.
11:38 of 3rd period - Snap shot by Justin Dowling.
11:38 of 3rd period - Shot Misses the Net.
11:42 of 3rd period - Snap shot by Yegor Chinakhov.
11:42 of 3rd period - Shot Misses the Net.
11:46 of 3rd period - Snap shot by Yegor Chinakhov.
11:46 of 3rd period - Shot Misses the Net.
11:48 of 3rd period - Wrist shot by Yegor Chinakhov.
11:48 of 3rd period - Shot Misses the Net.
11:50 of 3rd period - Snap shot by Justin Bailey.
11:50 of 3rd period - Stopped by Scott Wedgewood with a rebound.
11:52 of 3rd period - Snap shot by Justin Dowling.
11:52 of 3rd period - Shot Blocked by Charlie Coyle.
12:15 of 3rd period - Off-side.
12:16 of 3rd period - Dominik Shine wins face-off versus Mikael Granlund in neutral zone.
12:19 of 3rd period - Snap shot by Connor Zary.
12:19 of 3rd period - Stopped by Scott Wedgewood with a rebound.
12:42 of 3rd period - Mikael Granlund is hit by Louie Belpedio and loses puck.
13:30 of 3rd period - Connor Carrick is hit by Mikael Granlund and loses puck.
15:15 of 3rd period - Icing by Rasmus Ristolainen.
15:16 of 3rd period - Connor Zary wins face-off versus Sean Monahan in Flyers zone.
15:35 of 3rd period - Minor Penalty to Connor Carrick for Interference.
15:36 of 3rd period - Connor Zary wins face-off versus Charlie Coyle in Wild zone.
15:36 of 3rd period - Connor Zary is hit by Corey Perry.
15:50 of 3rd period - Slapshot by Quinn Hughes.
15:50 of 3rd period - Shot Misses the Net.
17:15 of 3rd period - Yegor Chinakhov is hit by Quinn Hughes and loses puck.
17:35 of 3rd period - Penalty to Connor Carrick is over, Connor Carrick is back on ice.
18:48 of 3rd period - Slapshot by Sean Monahan.
18:48 of 3rd period - Stopped by Joel Hofer with a rebound.
18:50 of 3rd period - Wrist shot by Mattias Janmark.
18:50 of 3rd period - Stopped by Joel Hofer without a rebound.
18:51 of 3rd period - D.J. Smith call a timeout for Wild.
18:51 of 3rd period - Mike Sgarbossa wins face-off versus Sean Monahan in Wild zone.
19:18 of 3rd period - Sean Monahan is hit by Justin Bailey and loses puck.
19:23 of 3rd period - Slapshot by Justin Bailey.
19:23 of 3rd period - Shot Misses the Net.
19:37 of 3rd period - Slapshot by Quinn Hughes.
19:37 of 3rd period - Shot Blocked by Trevor Carrick.
19:39 of 3rd period - Wrist shot by Sean Monahan.
19:39 of 3rd period - Shot Blocked by Garrett Wilson.
19:39 of 3rd period - Garrett Wilson from Wild is injured at 19:39 of 3rd period (Fractured Bone in Left Hand).
19:40 of 3rd period - Charlie Coyle wins face-off versus Andrew Poturalski in Wild zone.
Goals for this period are 0 for Flyers vs 0 for Wild.
Shots for this period are 11 for Flyers vs 4 for Wild.